 Dungeon Crawl Stone Soup version 0.14-a0-1444-g21dc12d (webtiles) character file.

211 HollowCharge the Shield-Bearer (level 3, 0/23 HPs)
             Began as a Gargoyle Fighter on Dec 13, 2013.
             Slain by an orc priest
             ... wielding a -1,+3 orcish flail of pain
              (10 damage)
             ... on Level 3 of the Dungeon.
             The game lasted 00:16:28 (1994 turns).

HollowCharge the Shield-Bearer (Gargoyle Fighter)   Turns: 1994, Time: 00:16:29

HP   0/23        AC 11     Str 20      XL: 3   Next: 47%
MP   3/3         EV  6     Int  8      God:
Gold 172         SH 18     Dex  9      Spells:  0 memorised,  2 levels left

rFire  . . .     SeeInvis .     a - +0 mace
rCold  . . .     Clarity  .     b - +0 scale mail
rNeg   + . .     Conserve .     c - +0 shield
rPois  +         rCorr    .     (no helmet)
rElec  +         rRot     +     (no cloak)
SustAb . .       Spirit   .     o - +0 pair of gloves
rMut   .         Warding  .     (no boots)
Saprov . . .     Stasis   .     (no amulet)
                                (no ring)
                                (no ring)

@: not resistant to hostile enchantments, extremely unstealthy
A: life protection 1, electricity resistance, unbreathing, petrification
resistance, AC +3
a: no special abilities


You were on level 3 of the Dungeon.
You were not hungry.

You visited 1 branch of the dungeon, and saw 3 of its levels.

You collected 172 gold pieces.

Inventory:

Hand weapons
 a - a +0,+0 mace (weapon)
 k - a +2,+0 spear
Missiles
 d - 5 tomahawks
 f - 15 darts (quivered)
 g - 20 stones
 t - 5 needles of sleeping
Armour
 b - a +0 scale mail (worn)
 c - a +0 shield (worn)
 o - a +0 pair of gloves (worn)
 u - a +2 elven shield
Magical devices
 s - a wand of heal wounds (3) {unknown}
Comestibles
 h - a meat ration
 m - a bread ration
 v - a pear
Scrolls
 e - 4 scrolls of identify {unknown}
 j - a scroll of immolation {unknown}
 l - a scroll of curse armour {unknown}
 n - 2 scrolls of teleportation {unknown}
 q - 2 scrolls of amnesia {unknown}
 w - a scroll of enchant weapon II {unknown}
Potions
 i - 3 potions of curing {unknown}
 p - a potion of agility {unknown}
 r - a potion of decay {unknown}


   Skills:
 + Level 3.5 Fighting
 * Level 2.9 Maces & Flails
 + Level 3.5 Armour
 + Level 3.9 Shields


You had 2 spell levels left.
You didn't know any spells.

Dungeon Overview and Level Annotations

Branches:
Dungeon (3/16)

Altars:
Okawaru


Innate Abilities, Weirdness & Mutations

You are resistant to torment.
You are immune to poison.
Your stone body is very resilient (AC +3).
You resist negative energy.
You are resistant to electric shocks.
You can survive without breathing.
You are immune to petrification.


Message History

An orc comes into view. It is wielding an orcish hand axe.
You see here 14 gold pieces.
An orc comes into view. It is wielding an orcish whip.
The orc shouts!
The orc wizard moves out of view.
The orc priest's eyes start to glow.
The orc priest mumbles some strange prayers to Beogh against you.
Pain shoots through your body!
The orc wizard gestures wildly while chanting.
You feel troubled.
The orc priest sings a few bars from the Orcish anthem.
The orc hits you but does no damage.
The orc wizard mumbles some strange words.
The orc wizard seems to speed up.
The orc priest invokes the aid of Beogh against you.
You resist.
The orc wizard gestures at you while chanting.
You block the puff of frost.
The orc priest hits you with a glowing orcish flail!
You die...

#.#..............####....#
#.#.#..#.###.........$...#
#......#.###.............##
####.##.#.##...#...............
#.......#.##..##..............
##.#.###.>....................
##.#.# #..##..........####....
#....# #..#.......oo..# ...
########..#.###.@oo...# .
#.........# #(o.....#
#.......### #.####### #######.#
#. #.# #. #.# #. #.# #. #.# ##
#.#


You could see an orc priest, an orc wizard and 3 orcs.

Vanquished Creatures
  An adder (D:2)
  A worm (D:2)
  2 giant cockroaches (D:2)
  2 hobgoblins
  A kobold (D:1)
  5 bats
  3 giant geckos
  2 giant newts (D:1)
  6 goblins
  4 rats
27 creatures vanquished.

Notes
Turn   | Place    | Note
--------------------------------------------------------------
     0 | D:1      | HollowCharge, the Gargoyle Fighter, began the quest for the Orb.
     0 | D:1      | Reached XP level 1. HP: 14/14 MP: 1/1
   350 | D:1      | Reached XP level 2. HP: 19/19 MP: 2/2
  1075 | D:2      | Reached XP level 3. HP: 14/23 MP: 3/3
  1262 | D:2      | Found an iron altar of Okawaru.
  1994 | D:3      | Slain by an orc priest

Action                   || total
-------------------------++-------
Melee: Mace              ||    89
